Map: Abyssal Reef LE

Players

Musumeci - Winner!

  • Race: Zerg Zerg
  • League: Diamond
  • Spawn Location: 5:00

PolluX

  • Race: Terran Terran
  • League: Diamond
  • Spawn Location: 11:00

VOD

Have the link to the VOD?

Description

Time

  • Played on: March 12, 2017, 5:37 a.m.
  • Length: 11:47
Show
View Real Time Build Order
Export as new Build Order

Musumeci Zerg - Winner!

Build Orders: Hatch First 

Get SALT Encoding   

  12  0:05  Drone  
  13  0:08  Drone  
  14  0:16  Drone, Extractor  
  15  0:41  Hatchery  
  14  0:45  Extractor  
  14  0:46  Drone  
  15  1:03  Spawning Pool  
  14  1:10  Drone, Extractor  
  14  1:13  Extractor  
  14  1:15  Drone  
  16  1:32  Overlord  
  16  1:50  Drone x3  
  19  1:54  Queen, Drone  
  19  1:58  Queen  
  24  2:02  Drone  
  25  2:08  Overlord  
  25  2:15  Drone x2  
  27  2:30  Queen  
  27  2:33  Queen  
  30  2:38  Drone x2  
  30  2:42  Overlord  
  32  2:53  Drone x3  
  32  2:57  Drone  
  36  3:00  Extractor x2  
  36  3:03  Roach Warren  
  36  3:04  Drone  
  34  3:24  Drone x6  
  40  3:34  Drone x2  
  40  3:39  Drone  
  43  3:45  Drone  
  44  4:09  Overlord x2  
  44  4:18  Hatchery, Overlord x2, Extractor  
  44  4:19  Overlord  
  42  4:30  Roach  
  42  4:31  Roach x5  
  54  4:33  Lair  
  54  4:35  Drone x3, Extractor  
  56  4:46  Spore Crawler  
  56  4:47  Spore Crawler  
  56  4:48  Spore Crawler  
  56  4:49  Spore Crawler  
  56  4:50  Roach  
  56  4:51  Roach  
  56  5:10  Roach x4  
  56  5:13  Drone x3  
  59  5:33  Drone x5  
  59  5:35  Drone x2  
  66  5:56  Glial Reconstitution  
  66  5:57  Spore Crawler  
  66  5:59  Spore Crawler  
  64  6:04  Drone  
  64  6:05  Drone  
  64  6:06  Evolution Chamber  
  64  6:08  Evolution Chamber  
  64  6:56  Drone x10  
  64  6:57  Drone x8  
  82  7:01  Overlord  
  82  7:05  Zerg Missile Weapons Level 1  
  82  7:11  Zerg Ground Armor Level 1  
  82  7:23  Ravager x8  
  82  7:25  Overlord  
  82  7:26  Overlord  
  90  7:41  Drone, Extractor  
  90  7:45  Drone x2  
  90  7:46  Drone x5  
  90  7:48  Drone x2  
  99  7:52  Drone  
  99  7:53  Drone x3  
  99  7:56  Extractor  
  99  7:57  Drone x3  
  105  7:58  Drone  
  105  8:02  Overlord  
  106  8:24  Roach x4  
  110  8:36  Ravager  
  110  8:37  Ravager  
  112  8:44  Roach  
  112  8:46  Overlord x4  
  104  8:56  Roach  
  104  9:02  Ravager x2  
  105  9:04  Roach x3  
  105  9:05  Roach x11  
  133  9:15  Zerg Missile Weapons Level 2, Zerg Ground Armor Level 2  
  133  9:21  Infestation Pit  
  133  9:24  Ravager  
  133  9:25  Roach  
  133  9:26  Roach  
  133  9:27  Overlord x6  
  137  9:47  Ravager x12  
  137  9:48  Ravager x3  
  137  9:50  Roach, Extractor  
  137  9:51  Hatchery, Roach x7  
  166  9:53  Extractor  
  166  9:54  Overlord x5  
  165  10:00  Roach x2  
  169  10:16  Ravager x4  
  169  10:17  Roach x3  
  179  10:34  Roach x10  
  199  11:02  Drone  
  161  11:28  Roach x3  
Show
View Real Time Build Order
Export as new Build Order

PolluX Terran 

Build Orders: Reaper Expand, MMM Bio 

Get SALT Encoding   

  12  0:00  SCV  
  13  0:12  SCV  
  14  0:17  Supply Depot  
  14  0:25  SCV  
  15  0:39  SCV, Barracks  
  16  0:44  Refinery  
  16  0:51  SCV  
  17  1:03  SCV  
  18  1:15  SCV  
  19  1:27  Reaper  
  20  1:35  Command Center  
  20  1:44  Orbital Command  
  20  1:59  Marine  
  21  2:09  Factory  
  21  2:10  SCV, Refinery  
  22  2:21  Supply Depot  
  22  2:30  Barracks Reactor  
  22  2:34  SCV  
  23  2:52  SCV  
  23  2:54  Orbital Command  
  24  3:12  Marine x2  
  26  3:15  Starport  
  26  3:16  SCV  
  26  3:17  Widow Mine  
  29  3:21  SCV  
  30  3:37  SCV x2  
  30  3:38  Marine x2  
  34  3:46  Widow Mine, Supply Depot  
  36  3:52  SCV x2  
  38  3:56  Marine x2, Medivac  
  42  4:04  SCV x2  
  44  4:10  Engineering Bay  
  44  4:11  Barracks  
  44  4:12  Engineering Bay  
  43  4:26  SCV x2  
  43  4:28  Marine x2  
  47  4:35  Supply Depot  
  47  4:42  SCV x2  
  47  4:44  Viking  
  47  4:45  Factory Tech Lab  
  51  4:50  Terran Infantry Armor Level 1  
  51  4:52  Barracks  
  51  4:54  Terran Infantry Weapons Level 1  
  51  5:06  SCV x2  
  53  5:07  Marine x2  
  53  5:08  Barracks Tech Lab  
  53  5:09  Siege Tank  
  53  5:13  Supply Depot  
  58  5:18  SCV  
  55  5:29  SCV  
  55  5:30  SCV  
  57  5:40  Marine x2  
  57  5:41  SCV  
  57  5:42  SCV, Stimpack  
  62  5:44  Marauder, Barracks Tech Lab  
  61  5:53  Refinery, SCV  
  61  5:54  Refinery  
  61  5:55  Command Center  
  62  6:00  SCV  
  62  6:02  Marine x2, Siege Tank  
  62  6:03  Marauder  
  62  6:04  Combat Shields  
  70  6:17  Supply Depot  
  70  6:18  Supply Depot  
  70  6:20  Supply Depot  
  70  6:23  Armory, Marine, Starport Reactor  
  70  6:39  Marauder x2, SCV x2, Marine  
  77  6:51  SCV  
  78  6:58  Marine x2, Siege Tank  
  83  7:02  SCV  
  83  7:03  SCV  
  83  7:07  Missile Turret  
  85  7:09  Orbital Command  
  85  7:13  Medivac x2  
  85  7:15  Terran Infantry Weapons Level 2  
  89  7:16  Missile Turret  
  89  7:19  Marine x4  
  93  7:42  Marine  
  93  7:43  Marauder x2, Marine  
  99  7:53  Orbital Command, SCV  
  99  7:54  SCV  
  99  7:57  Siege Tank  
  104  8:03  Barracks, Medivac x2  
  104  8:04  Barracks, Marine  
  109  8:11  Refinery  
  109  8:14  Refinery  
  109  8:15  SCV, Marine x3  
  109  8:33  Marine  
  109  8:34  Marauder x2  
  112  8:39  Marine  
  112  8:40  Terran Infantry Armor Level 2  
  112  8:51  Marine  
  112  8:55  Marauder  
  94  9:09  Barracks Tech Lab x2  
  94  9:18  Marauder x2, Marine x2  
  94  9:23  Medivac x2  
  110  9:24  SCV x3  
  110  9:30  Supply Depot  
  113  9:32  Concussive Shells, Supply Depot  
  113  9:33  Supply Depot  
  113  9:36  SCV  
  114  9:40  Cyclone  
  114  9:43  SCV x2  
  113  9:47  Missile Turret  
  113  9:48  SCV  
  114  9:55  SCV  
  114  9:59  Marauder x4, Marine x2  
  125  10:07  Supply Depot x2  
  125  10:12  Command Center, Cyclone  
  126  10:20  Marauder  
  126  10:21  Marauder x3, Marine x2  
  134  10:23  Medivac x2  
  134  10:26  SCV  
  141  10:28  SCV  
  141  10:42  Marauder x3  
  149  10:43  Marauder  
  149  10:54  Marine x2  
  151  11:03  Marine  
  152  11:09  Supply Depot  
  152  11:10  Supply Depot  
  152  11:11  Barracks  
  151  11:13  Barracks  
  114  11:29  Marine x4  
Tags
 
Add a new tag
Caveats
  • Supply blocks, unpowered buildings, or Contaminate may cause inaccurate times.
  • Supply counts are checked every 10 seconds.